 Dungeon Crawl Stone Soup version 0.26-a0-658-gbdda728c12 (webtiles) character file.

Game seed: 15412641307289428175

3701 flotson the Skirmisher (level 10, -1/83 HPs)
             Began as a Ghoul Venom Mage on Oct 4, 2020.
             Was an Initiate of Fedhas.
             Slain by a basilisk (8 damage)
             ... on level 8 of the Dungeon.
             The game lasted 00:17:49 (8199 turns).

flotson the Skirmisher (Ghoul Venom Mage)           Turns: 8199, Time: 00:17:51

Health: -1/83      AC: 15    Str: 16    XL:     10   Next: 13%
Magic:  0/21       EV: 13    Int: 10    God:    Fedhas [......]
Gold:   71         SH:  4    Dex: 15    Spells: 10/13 levels left

rFire    . . .     SeeInvis .   I - +0 broad axe (distort)
rCold    + + .     Faith    .   G - +0 buckler
rNeg     + + +     Spirit   +   w - +3 leather armour of Gozag's Supremacy {-Cast rPois rCorr MP+9 Dex+6}
rPois    ∞         Reflect  .   p - +0 helmet
rElec    .         Harm     .   v - +1 cloak {Stlth+}
rCorr    +         Rampage  .   D - +1 pair of gloves
MR       .....     NoCast   +   b - +2 pair of boots
Stlth    ++........             k - amulet of guardian spirit
HPRegen  0.00/turn              r - ring of protection from cold
MPRegen  0.17/turn              (no ring)

@: no status effects
A: rotting body, claws 1, cold resistance 1, negative energy resistance 3,
inhibited regeneration, torment resistance, unbreathing
a: Renounce Religion


You were on level 8 of the Dungeon.
You worshipped Fedhas.
Fedhas was noncommittal.
You visited 2 branches of the dungeon, and saw 9 of its levels.

You collected 332 gold pieces.
You spent 261 gold pieces at shops.

Inventory:

Hand Weapons
 I - a +0 broad axe of distortion (weapon)
Missiles
 F - 7 curare-tipped darts (quivered)
Armour
 b - a +2 pair of boots (worn)
 c - a scarf of repulsion
 p - a +0 helmet (worn)
 v - a +1 cloak of stealth (worn)
 w - the +3 leather armour of Gozag's Supremacy (worn) {-Cast rPois rCorr MP+9 Dex+6}
   (You bought it in a shop on level 4 of the Dungeon)

   It affects your dexterity (+6).
   It protects you from poison.
   It affects your magic capacity (+9).
   It prevents spellcasting.
   It provides partial protection from all sources of acid and corrosion.
 D - a +1 pair of gloves (worn)
 G - a +0 buckler (worn)
Jewellery
 k - an amulet of guardian spirit (around neck)
 r - a ring of protection from cold (left hand)
Wands
 a - a wand of flame (18)
 z - a wand of disintegration (17)
 C - a wand of acid (9)
 E - a wand of polymorph (9)
Scrolls
 d - 5 scrolls of identify {unknown}
 f - 2 scrolls of amnesia {unknown}
 i - 8 scrolls of remove curse {unknown}
 l - 2 scrolls of blinking {unknown}
 n - 3 scrolls of enchant armour {unknown}
 o - 2 scrolls of enchant weapon {unknown}
 q - a scroll of magic mapping {unknown}
 y - a scroll of vulnerability {unknown}
 A - a scroll of immolation {unknown}
 B - 3 scrolls of teleportation {unknown}
 H - a scroll of fog {unknown}
Potions
 e - a potion of curing
 g - a potion of mutation {unknown}
 h - 2 potions of lignification {unknown}
 t - a potion of haste
 u - 4 potions of flight {unknown}
 x - 4 potions of degeneration {unknown}


   Skills:
 + Level 6.0 Fighting
   Level 3.0 Short Blades
 + Level 5.0(6.1) Axes
   Level 5.4(6.4) Maces & Flails
   Level 4.1(4.2) Slings
 + Level 0.6(2.6) Throwing
 + Level 4.2 Armour
 + Level 4.5 Dodging
 + Level 3.4 Stealth
 + Level 1.0 Shields
 + Level 0.1 Unarmed Combat
 + Level 2.1 Spellcasting
 + Level 1.8 Transmutations
 + Level 3.5 Poison Magic


You had 10 spell levels left.
You knew the following spells:

 Your Spells              Type           Power        Failure   Level
a - Sting                 Tmut/Pois      #...         19%         1
b - Poisonous Vapours     Pois/Air       #.....       38%         2

Your spell library contained the following spells:

 Spells                   Type           Power        Failure   Level
 Ignite Poison            Fire/Tmut/Pois #.......     61%         3
 Mephitic Cloud           Conj/Pois/Air  #.......     71%         3
 Olgreb's Toxic Radiance  Pois           #.......     78%         4


Dungeon Overview and Level Annotations

Branches:
Dungeon (8/15)             Temple (1/1) D:7            Lair (0/6) D:8

Altars:
Ashenzari
Cheibriados
Dithmenos
Elyvilon
Fedhas
Gozag
Hepliaklqana
Kikubaaqudgha
Makhleb
Nemelex Xobeh
Okawaru
Qazlal
Ru
Sif Muna
Trog
Uskayaw
Vehumet
Xom
Yredelemnul
Zin
The Shining One

Shops:
D:4 [   D:5 :   D:6 :


Innate Abilities, Weirdness & Mutations

Your body is rotting away.
You thrive by killing the living.
You are immune to poison.
You have sharp fingernails.
Your flesh is cold resistant. (rC+)
You are immune to negative energy. (rN+++)
You do not regenerate when monsters are visible.
You are immune to unholy pain and torment.
You can survive without breathing.


Message History

The bullfrog hits you but does no damage.
The basilisk bites you!
* * * LOW HITPOINT WARNING * * *
The yak gores you but does no damage.
The bullfrog hits you but does no damage.
The bullfrog hits you!
* * * LOW HITPOINT WARNING * * *
The basilisk bites you.
* * * LOW HITPOINT WARNING * * *
The yak gores you but does no damage.
The bullfrog hits you but does no damage.
You turn to flesh and can move again.
You hit the yak.
The yak is almost dead.
You miss the bullfrog.
The yak blinks!
You completely miss the basilisk. The basilisk bites you!
* * * LOW HITPOINT WARNING * * *
The bullfrog closely misses you. The basilisk bites you!
You die...
Fedhas appreciates your contribution to the ecosystem.

###.....###
##.........##
##..P.....P..##
#.............##
.......>.......#
...........P...#
#...........#.## # #
##.Y..F.?..##..## #.#.
###.l@.[####.#.#
...........§...(.##..##
#..####..##..#(##.##
#........##.......#
#.......##....)(<#
####[########.#### #.#
#.# ####)#### #.#
#....<..# #.#


You could see a yak, a basilisk and a bullfrog.

Vanquished Creatures
  Pikel (D:6)
  Maggie (D:6)
  Grinder (D:6)
  Sigmund (D:4)
  A steam dragon (D:8)
  Edmund (D:4)
  2 orc warriors
  3 black bears
  3 ice beasts
  An ogre (D:8)
  2 centaurs
  A big kobold (D:5)
  2 bullfrogs (D:6)
  Blork the orc (D:4)
  A howler monkey (D:4)
  2 jellies
  A quasit (D:7)
  A centaur zombie (D:6)
  2 orc priests
  3 hounds
  3 orc wizards
  A bullfrog skeleton (D:6)
  2 iguanas
  Ijyb (D:3)
  3 worker ants
  A killer bee zombie (D:6)
  A hound zombie (D:6)
  7 adders
  4 gnolls (D:3)
  4 worms
  2 dart slugs
  4 leopard geckos
  20 orcs
  10 bats
  A giant cockroach (D:5)
  6 goblins
  10 hobgoblins
  5 jackals
  5 quokkas
  A ball python (D:1)
  4 frilled lizards
  A giant cockroach zombie (D:5)
  9 kobolds
  A quokka zombie (D:5)
  6 rats
143 creatures vanquished.

Vanquished Creatures (others)
  3 fungi (D:8)
3 creatures vanquished.

Grand Total: 146 creatures vanquished

Notes
Turn   | Place    | Note
-------+----------+-------------------------------------------
     0 | D:1      | flotson the Ghoul Venom Mage began the quest for the Orb.
     0 | D:1      | Reached XP level 1. HP: 14/14 MP: 2/2
   227 | D:1      | Reached skill level 1 in Transmutations
   480 | D:1      | Reached XP level 2. HP: 20/20 MP: 1/3
   484 | D:1      | Learned a level 2 spell: Poisonous Vapours
   830 | D:1      | Reached XP level 3. HP: 26/26 MP: 3/5
  1363 | D:2      | Reached skill level 1 in Slings
  1384 | D:2      | Found a faded altar of an unknown god.
  2045 | D:3      | Reached XP level 4. HP: 33/33 MP: 6/6
  2255 | D:3      | Reached skill level 1 in Fighting
  2550 | D:3      | Reached XP level 5. HP: 40/40 MP: 7/7
  2895 | D:3      | Noticed Ijyb
  2912 | D:3      | Paralysed by Ijyb for 2 turns
  2917 | D:3      | Paralysed by Ijyb for 3 turns
  2921 | D:3      | Killed Ijyb
  3001 | D:4      | Noticed Blork the orc
  3001 | D:4      | Noticed Edmund
  3172 | D:4      | Reached skill level 1 in Short Blades
  3212 | D:4      | Reached skill level 1 in Armour
  3212 | D:4      | Reached XP level 6. HP: 47/48 MP: 6/8
  3233 | D:4      | HP: 2/48 [Blork the orc/magic dart (7)]
  3235 | D:4      | Killed Blork the orc
  3235 | D:4      | Reached skill level 2 in Fighting
  3895 | D:4      | Found Ytuxkemn's Antique Armour Shop.
  3956 | D:4      | Noticed Sigmund
  3971 | D:4      | Killed Sigmund
  3971 | D:4      | Reached XP level 7. HP: 43/56 MP: 6/9
  4255 | D:4      | Killed Edmund
  4255 | D:4      | Reached skill level 3 in Fighting
  4477 | D:5      | Entered Level 5 of the Dungeon
  4543 | D:4      | Bought a shimmering leather armour for 126 gold pieces
  4553 | D:4      | Identified the +3 leather armour of Gozag's Supremacy
                  | {-Cast rPois rCorr MP+9 Dex+6} (You bought it in a shop on
                  | level 4 of the Dungeon)
  4768 | D:5      | Found Zixzemokh's Book Shoppe.
  4977 | D:5      | Reached skill level 1 in Maces & Flails
  4977 | D:5      | Reached XP level 8. HP: 60/63 MP: 10/10
  5316 | D:4      | Bought a pair of runed gloves for 135 gold pieces
  5638 | D:6      | Noticed Grinder
  5727 | D:6      | Found Huesivob's Book Boutique.
  5791 | D:6      | Noticed Pikel
  5817 | D:6      | Killed Pikel
  5817 | D:6      | Reached skill level 4 in Fighting
  5817 | D:6      | Reached XP level 9. HP: 63/72 MP: 11/11
  5833 | D:6      | Noticed Maggie
  5849 | D:6      | Killed Maggie
  5849 | D:6      | Reached skill level 5 in Maces & Flails
  5882 | D:6      | Paralysed by Grinder for 3 turns
  5894 | D:6      | Killed Grinder
  5894 | D:6      | Reached skill level 1 in Axes
  5986 | D:6      | Reached skill level 5 in Fighting
  6530 | D:7      | Found a staircase to the Ecumenical Temple.
  6555 | Temple   | Entered the Ecumenical Temple
  6615 | Temple   | Became a worshipper of Fedhas Madash
  7684 | D:8      | Noticed an elephant
  7716 | D:7      | Banished an elephant
  7716 | D:7      | Reached XP level 10. HP: 48/83 MP: 12/12
  7917 | D:8      | Reached skill level 6 in Fighting
  7917 | D:8      | Reached skill level 1 in Shields
  7929 | D:8      | Found a staircase to the Lair.
  8163 | D:8      | Reached skill level 5 in Axes
  8199 | D:8      | Slain by a basilisk

Illustrated notes

Levels and vault maps discovered:
D:1:      noname_arrival_rooms_in_the_neighbourhood, layout_basic
D:2:      layout_rooms, chequers_ecumenical_altar_simple_redux
D:3:      layout_basic, uniq_ijyb
D:4:      layout_basic, serial_shops, shop, uniq_sigmund, uniq_blork_the_orc,
          uniq_edmund
D:5:      cheibrodos_thug_alley, layout_rooms, serial_shops,
          kennysheep_mini_moat
D:6:      layout_cave_pools, serial_shops, shop, minmay_misc_feat_more_columns,
          kennysheep_crisscross, minmay_misc_feat_doors, uniq_grinder,
          uniq_maggie, uniq_pikel
D:7:      layout_layer_cave, temple_pool_b
D:8:      layout_loops_cross, david_lair_generic, enter_ossuary_5,
          trog_butcher_becter
Temple:   dpeg_three_leaves_temple

Skill      XL: |  1  2  3  4  5  6  7  8  9 10 |
---------------+-------------------------------+-----
Transmutations | 1 |  1.8
Dodging        | 2 3 4 |  4.5
Spellcasting   | 2 |  2.1
Slings         | 1 2 3 4 |  4.1
Fighting       | 1 2 3 4 5 6 |  6.0
Short Blades   | 1 3 |  3.0
Armour         | 1 2 3 4 |  4.2
Maces & Flails | 1 4 5 |  5.4
Stealth        | 3 |  3.4
Axes           | 4 5 |  5.0
Shields        | 1 |  1.0
Throwing       | |  0.6
Unarmed Combat | |  0.1
Poison Magic   | |  3.5

Action                   |  1- 3 |  4- 6 |  7- 9 | 10-12 || total
-------------------------+-------+-------+-------+-------++-------
Melee: Unarmed           |    29 |       |       |       ||    29
       Short sword       |       |    83 |    53 |       ||   136
       Flail             |       |       |   118 |       ||   118
       Broad axe         |       |       |    77 |    39 ||   116
 Fire: Hunting sling     |   147 |   112 |     3 |       ||   262
Throw: Stone             |       |     1 |       |       ||     1
       Dart              |       |       |     4 |       ||     4
 Cast: Sting             |     6 |     2 |       |       ||     8
  Use: Potion            |       |     1 |       |       ||     1
 Stab: Sleeping          |       |       |     2 |       ||     2
Armor: Robe              |    32 |       |       |       ||    32
       Scale mail        |     8 |    19 |       |       ||    27
       Ring mail         |       |    18 |    20 |       ||    38
       Leather armour    |       |       |   125 |    45 ||   170
Dodge: Dodged            |    70 |    62 |   176 |    33 ||   341
       Repelled          |     1 |       |       |       ||     1
Block: Buckler           |       |       |     8 |    11 ||    19

Table legend: (Time is in decaauts)
 A = Elapsed time spent in this place.
 B = Non-inter-level travel time spent in this place.
 C = Inter-level travel time spent in this place.
 D = Time resting spent in this place.
 E = Time spent auto-exploring this place.
 F = Levels seen in this place.
 G = Mean time per level.
                   A        B        C        D        E       F      G
               +--------+--------+--------+--------+--------+-----+--------+
         Total |   8314 |   7877 |    437 |   1072 |   5085 |   9 |  923.8 |
       Dungeon |   8244 |   7816 |    428 |   1072 |   5032 |   8 | 1030.5 |
        Temple |     69 |     60 |      9 |      0 |     53 |   1 |   69.0 |
               +--------+--------+--------+--------+--------+-----+--------+

Top non-repeatable levels by time:
     D:7: 1481 daAuts
     D:4: 1475 daAuts
     D:1: 1345 daAuts
     D:3: 1122 daAuts
     D:6: 1094 daAuts
     D:5: 855 daAuts
     D:2: 702 daAuts
     D:8: 167 daAuts
  Temple: 69 daAuts
